 Dungeon Crawl Stone Soup version 0.20.1-1-g8b1a95d (webtiles) character file.

5947 KingBobo974 the Blocker (level 10, -3/75 HPs)
             Began as a Deep Dwarf Fighter on July 15, 2017.
             Was an Elder of Hepliaklqana.
             Slain by a two-headed ogre
             ... wielding a +0 giant club
              (5 damage)
             ... on level 9 of the Dungeon.
             The game lasted 00:56:39 (7500 turns).

KingBobo974 the Blocker (Deep Dwarf Fighter)        Turns: 7500, Time: 00:56:39

Health: -3/75      AC: 15    Str: 22    XL:     10   Next: 54%
Magic:  1/1        EV: 10    Int: 10    God:    Hepliaklqana [****..]
Gold:   329        SH: 11    Dex: 10    Spells: 9/9 levels left

rFire    . . .     SeeInvis .   e - +2 flail (drain)
rCold    + . .     Gourm    .   c - +0 shield
rNeg     . . .     Faith    .   R - +2 ring mail {rC+}
rPois    +         Spirit   .   (no helmet)
rElec    .         Reflect  .   l - +1 cloak {MR+}
rCorr    .         Harm     +   z - +0 pair of gloves
MR       ++...                  D - +0 pair of boots
Stlth    +.........             b - amulet of harm
Regen    0.0/turn               O - ring of flight
MPRegen  0.1/turn               d - ring of wizardry

@: non-regenerating
A: damage resistance, heal wounds, reduced essence, thin metallic scales 1,
clumsy 1, frail 1, low mp 1, sense surroundings 3, poison resistance, sturdy
frame 1, no regeneration
a: Heal Wounds, Recall Ancestor, Ancestor Identity, Transference, Idealise,
Renounce Religion, Evoke Flight


You were on level 9 of the Dungeon.
You worshipped Hepliaklqana.
Hepliaklqana was greatly pleased with you.
You were full.

You visited 1 branch of the dungeon, and saw 9 of its levels.

You collected 455 gold pieces.
You spent 126 gold pieces at shops.

Inventory:

Hand Weapons
 a - a +0 war axe
 e - a +2 flail of draining (weapon)
 N - a +0 flail of crushing
Missiles
 j - 68 bolts
Armour
 c - a +0 shield (worn)
 l - a +1 cloak of magic resistance (worn)
 z - a +0 pair of gloves (worn)
 D - a +0 pair of boots (worn)
 R - a +2 ring mail of cold resistance (worn)
Magical Staves
 q - an uncursed staff of earth
 t - an uncursed staff of wizardry
Jewellery
 b - an amulet of harm (around neck)
 d - a ring of wizardry (right hand)
 w - an uncursed ring of protection from fire {unknown}
 O - a ring of flight (left hand)
Wands
 A - a wand of flame (24/48)
 H - a wand of digging (7/24)
Scrolls
 k - 2 scrolls of immolation
 m - 6 scrolls of remove curse
 n - a scroll of magic mapping
 o - 6 scrolls of teleportation (quivered)
 r - 6 scrolls of identify
 s - a scroll of enchant armour
 x - a scroll of recharging
 y - a scroll of blinking {unknown}
 Q - 2 scrolls of amnesia
Potions
 g - 4 potions of curing
 p - 4 potions of haste
 u - a potion of invisibility
 v - a potion of berserk rage {unknown}
 C - 2 potions of mutation {unknown}
 F - a potion of ambrosia
Books
 J - a book of Geomancy

   Spells                             Type                      Level
   a - Sandblast                      Earth                        1
   b - Passwall                       Transmutation/Earth          2
   c - Stone Arrow                    Conjuration/Earth            3
   d - Petrify                        Transmutation/Earth          4
   e - Lee's Rapid Deconstruction     Earth                        5
Comestibles
 f - 6 bread rations
 h - 30 fruits
 i - 4 meat rations
 B - 3 royal jellies


   Skills:
 * Level 7.0 Fighting
 + Level 7.0(8.5) Axes
 * Level 6.9(8.1) Maces & Flails
 * Level 8.2 Armour
 + Level 2.2 Dodging
 + Level 2.7 Stealth
 * Level 9.2 Shields
 + Level 0.3 Invocations
 + Level 0.3 Evocations


You had 9 spell levels left.
You didn't know any spells.

Dungeon Overview and Level Annotations

Branches:
Dungeon (9/15)             Temple (0/1) D:6
   Lair: D:8-11         Orc: D:9-12

Altars:
Ashenzari
Elyvilon
Gozag
Hepliaklqana
Kikubaaqudgha
Okawaru
Ru
Sif Muna

Shops:
D:6 ?![(%


Innate Abilities, Weirdness & Mutations

You are resistant to damage.
You can heal yourself by infusing magical energy.
You passively map a large area around you.
You do not regenerate.
Your life essence is reduced to manifest your ancestor. (-10% HP)
You are partially covered in thin metallic scales. (AC +2)
You are clumsy. (Dex -2)
You are frail. (-10% HP)
Your magical capacity is low. (-10% MP)
Your system is resistant to poisons. (rPois)
Your movements are slightly less encumbered by armour. (ER -2)


Message History

Found a leather armour.
Found a stone staircase leading up.
You swap places.
Found a scroll of random uselessness.
A jelly and a two-headed ogre come into view.
Found a robe and a meat ration.
The jelly quivers.
You thump the jelly!
Your hands burn!
The jelly is severely wounded.
The two-headed ogre shouts in stereo!
You block the jelly's attack.
You hit the jelly. You drain the jelly!
You kill the jelly!
The two-headed ogre hits you with a giant club!!
* * * LOW HITPOINT WARNING * * *
You block the two-headed ogre's attack.
King Bobo II hits the two-headed ogre with a quarterstaff!!
The two-headed ogre hits you but does no damage.
The two-headed ogre hits you with a giant spiked club.
You die...

.#* #.#
#......# ..
###.###
#......# #.
#..^..#
#......#
#.##.....#
#......#
#..#.)...#
########......#
#R#.....#
#.............#
##.......#
#...≈....######
###..(...#
#....R≈..# #
#......#
#..@O≈≈..# #
#..#+###
#....≈≈..#
####(#.#
#..?.≈≈..#
+......#
#..%...[.#
.....#.#
#........#
.P...#.#
#..≈≈....#
.....#.#
#....≈≈..#
.......#
#....≈≈≈.#
.#.##..# ≈


You could see the friendly King Bobo II the battlemage and a two-headed ogre.

Vanquished Creatures
  A two-headed ogre (D:5)
  A hippogriff (D:7)
  Sigmund (D:3)
  Eustachio (D:5)
  A steam dragon (D:8)
  2 water moccasins
  4 ogres
  2 orc warriors
  2 sky beasts (D:8)
  An ice beast (D:6)
  4 centaurs
  2 bullfrogs
  2 scorpions
  2 killer bees (D:8)
  A howler monkey (D:7)
  2 wights (D:9)
  A crimson imp (D:6)
  6 orc wizards
  6 jellies
  2 gnoll shamans
  5 orc priests
  A bullfrog skeleton (D:6)
  2 centaur skeletons
  6 worker ants
  An iguana (D:5)
  Natasha (thrice) (D:3)
  2 hound skeletons
  Robin (D:2)
  11 adders
  6 gnolls
  A howler monkey skeleton (D:9)
  A shadow imp (D:8)
  2 oozes (D:4)
  An adder zombie (D:7)
  3 worms
  An adder skeleton (D:4)
  2 dart slugs
  3 leopard geckos
  18 orcs
  11 bats
  6 giant cockroaches
  15 goblins
  8 hobgoblins
  5 jackals
  12 kobolds
  A quokka (D:3)
  A ball python (D:6)
  4 frilled lizards
  A jackal zombie (D:5)
  9 rats
  A fungus (D:4)
188 creatures vanquished.

Vanquished Creatures (collateral kills)
  Prince Ribbit (D:7)
  Menkaure (D:5)
  A sky beast (D:6)
  A phantom (D:7)
  2 bullfrogs (D:7)
  Blork the orc (D:8)
  4 killer bees (D:8)
  3 wights (D:9)
  A howler monkey (D:5)
  A centaur zombie (D:6)
  4 crimson imps
  A hound (D:7)
  An orc priest (D:6)
  2 orc wizards
  An iguana (D:5)
  Ijyb (D:4)
  A gnoll (D:5)
  A howler monkey skeleton (D:5)
  An adder (D:6)
  2 shadow imps
  5 oozes (D:4)
  An adder skeleton (D:5)
  A worm (D:4)
  3 leopard geckos
  4 orcs
  A giant cockroach (D:4)
  A quokka (D:4)
  2 kobolds (D:4)
  A quokka zombie (D:6)
50 creatures vanquished.

Vanquished Creatures (others)
  A battlemage (D:7)
  An ancestor (D:4)
  A quokka (D:5)
  2 fungi (D:4)
  5 toadstools (D:4)
10 creatures vanquished.

Grand Total: 248 creatures vanquished

Notes
Turn   | Place    | Note
-------+----------+-------------------------------------------
     0 | D:1      | KingBobo974 the Deep Dwarf Fighter began the quest for the Orb.
     0 | D:1      | Reached XP level 1. HP: 20/20 MP: 1/1
   157 | D:1      | Reached XP level 2. HP: 24/27 MP: 2/2
   751 | D:1      | You fall through a shaft!
   770 | D:2      | Reached XP level 3. HP: 26/34 MP: 3/3
   891 | D:2      | Noticed Robin
   899 | D:2      | Killed Robin
   900 | D:2      | Reached XP level 4. HP: 25/42 MP: 3/3
   905 | D:2      | Reached skill level 4 in Shields
  1286 | D:2      | Found an opulent altar of Gozag.
  1953 | D:3      | Noticed Natasha
  1958 | D:3      | Killed Natasha
  1958 | D:3      | Reached XP level 5. HP: 37/49 MP: 3/3
  2203 | D:3      | Noticed Natasha
  2212 | D:3      | Noticed Sigmund
  2222 | D:3      | Killed Natasha
  2253 | D:3      | Killed Sigmund
  2253 | D:3      | Reached XP level 6. HP: 33/57 MP: 4/4
  2281 | D:3      | Noticed Natasha
  2290 | D:3      | Killed Natasha
  2390 | D:3      | Found an ancient bone altar of Kikubaaqudgha.
  2783 | D:3      | Found a hazy altar of Hepliaklqana.
  2795 | D:3      | Became a worshipper of Hepliaklqana the Forgotten
  2956 | D:4      | Reached skill level 5 in Armour
  2956 | D:4      | Reached skill level 5 in Shields
  2961 | D:4      | Reached XP level 7. HP: 42/57 MP: 5/5
  3035 | D:4      | Reached skill level 5 in Axes
  3384 | D:4      | Reached * piety under Hepliaklqana
  3391 | D:4      | Noticed Ijyb
  3399 | D:4      | Killed Ijyb
  3737 | D:4      | Reached skill level 6 in Shields
  3929 | D:5      | Entered Level 5 of the Dungeon
  3935 | D:5      | Reached skill level 5 in Fighting
  3938 | D:5      | Noticed Menkaure
  3939 | D:5      | Noticed Eustachio
  3944 | D:5      | Killed Menkaure
  3944 | D:5      | Reached XP level 8. HP: 55/66 MP: 5/5
  3948 | D:5      | Noticed a two-headed ogre
  3968 | D:5      | Killed a two-headed ogre
  3968 | D:5      | Reached skill level 7 in Shields
  3980 | D:5      | Killed Eustachio
  4045 | D:5      | Reached ** piety under Hepliaklqana
  4062 | D:5      | Remembered your ancestor King Bobo II as a battlemage
  4099 | D:5      | Gained mutation: You passively map the area around you. [Deep Dwarf growth]
  4099 | D:5      | Reached XP level 9. HP: 61/73 MP: 6/6
  4255 | D:5      | Reached skill level 1 in Maces & Flails
  4274 | D:5      | Found a sacrificial altar of Ru.
  4315 | D:5      | Found a white marble altar of Elyvilon.
  4626 | D:5      | Got an ebony long sword
  4821 | D:6      | Found Xudaor's Antique Armour Boutique.
  4825 | D:6      | Bought a shiny ring mail for 126 gold pieces
  4935 | D:6      | Reached skill level 1 in Stealth
  4968 | D:6      | Found Facuif's Food Shoppe.
  4993 | D:6      | Found Leps's Antique Weapon Emporium.
  5032 | D:6      | Reached skill level 8 in Shields
  5066 | D:6      | Found Plog's Magic Scroll Shoppe.
  5083 | D:6      | Found Uclat's Distillery.
  5294 | D:6      | Found a staircase to the Ecumenical Temple.
  5389 | D:6      | Reached *** piety under Hepliaklqana
  5541 | D:7      | Reached skill level 1 in Dodging
  5627 | D:7      | Noticed Prince Ribbit
  5637 | D:7      | Killed Prince Ribbit
  5781 | D:7      | Reached XP level 10. HP: 66/82 MP: 5/5
  5903 | D:7      | Reached skill level 5 in Maces & Flails
  5970 | D:7      | Found an iron altar of Okawaru.
  6821 | D:8      | Gained mutation: Your magical capacity is low. (-10% MP) [mutagenic meat]
  6822 | D:8      | Gained mutation: You are clumsy. (Dex -2) [mutagenic meat]
  6823 | D:8      | Gained mutation: You are frail. (-10% HP) [mutagenic meat]
  7024 | D:8      | Reached skill level 9 in Shields
  7054 | D:8      | Gained mutation: You passively map a large area around you. [mutagenic meat]
  7055 | D:8      | Gained mutation: Your system is resistant to poisons. (rPois) [mutagenic meat]
  7056 | D:8      | Gained mutation: Your movements are slightly less encumbered by armour. (ER -2) [mutagenic meat]
  7057 | D:8      | Gained mutation: You are partially covered in thin metallic scales. (AC +2) [mutagenic meat]
  7182 | D:8      | Reached **** piety under Hepliaklqana
  7208 | D:8      | Noticed Blork the orc
  7217 | D:8      | Killed Blork the orc
  7218 | D:8      | Found a deep blue altar of Sif Muna.
  7298 | D:9      | Found a shattered altar of Ashenzari.
  7492 | D:9      | Noticed a two-headed ogre
  7499 | D:9      | HP: 2/75 [two-headed ogre/giant club (23)]
  7500 | D:9      | Slain by a two-headed ogre

Skill      XL: |  1  2  3  4  5  6  7  8  9 10 |
---------------+-------------------------------+-----
Fighting       | 3 4 5 6 7 |  7.0
Axes           | 3 4 5 7 |  7.0
Shields        | 4 5 6 7 8 9 |  9.2
Armour         | 4 5 7 8 |  8.2
Maces & Flails | 4 6 |  6.9
Stealth        | 1 2 |  2.7
Dodging        | 1 2 |  2.2
Invocations    | |  0.3
Evocations     | |  0.3

Action                   |  1- 3 |  4- 6 |  7- 9 | 10-12 || total
-------------------------+-------+-------+-------+-------++-------
Melee: War axe           |    76 |   195 |   125 |       ||   396
       Flail             |       |       |   176 |   107 ||   283
Invok: Ancestor Identity |       |     1 |       |       ||     1
       Ancestor Life: Ba |       |       |     1 |       ||     1
       Transference      |       |       |     2 |       ||     2
 Abil: Heal Wounds       |     1 |     4 |    13 |     4 ||    22
       Evoke Flight      |       |       |       |     1 ||     1
  Use: Potion            |     1 |     3 |     7 |       ||    11
       Scroll            |       |     6 |    10 |     2 ||    18
 Stab: Distracted        |       |       |     4 |     2 ||     6
       Invisible         |       |       |     1 |       ||     1
  Eat: Fruit             |     1 |     3 |     1 |       ||     5
       Chunk             |       |     2 |       |     9 ||    11
       Meat ration       |       |     1 |     1 |     1 ||     3
       Bread ration      |       |       |       |     1 ||     1
Armor: Scale mail        |    40 |   111 |     4 |       ||   155
       Plate armour      |       |       |   132 |       ||   132
       Ring mail         |       |       |    38 |    55 ||    93
       Skin              |       |       |     3 |       ||     3
Dodge: Dodged            |    16 |    67 |    92 |    38 ||   213
Block: Shield            |    52 |   130 |   211 |    69 ||   462
